 Dungeon Crawl Stone Soup version 0.19-a0-158-gdcc5c43 (webtiles) character file.

1782 GlassEater the Insei (level 9, 0/46 HPs)
             Began as a Vine Stalker Monk on May 21, 2016.
             Was a Priest of Makhleb.
             Slain by Pikel
             ... wielding a +0 whip of freezing
              (5 damage)
             ... on level 7 of the Dungeon.
             The game lasted 00:16:29 (5439 turns).

GlassEater the Insei (Vine Stalker Monk)            Turns: 5439, Time: 00:16:30

Health: 0/46       AC:  6    Str: 14    XL:     9   Next: 8%
Magic:  0/10       EV: 18    Int: 10    God:    Makhleb [***...]
Gold:   376        SH:  0    Dex: 20    Spells: 0 memorised, 8 levels left

rFire  . . .     SeeInvis .       - Unarmed
rCold  . . .     Gourm    .     a - +0 robe
rNeg   . . .     Faith    .     (no shield)
rPois  .         Spirit   +     n - +0 helmet (curse)
rElec  .         Dismiss  .     (no cloak)
rCorr  .         Reflect  .     f - +2 pair of gloves
SustAt .         Harm     .     (no boots)
MR     ++...                    l - amulet of regeneration
Stlth  +++++.....               p - ring of protection from magic
                                i - ring of stealth

@: very resistant to hostile enchantments, quite stealthy
A: fangs 3, regeneration 2, magic shield, antimagic bite, no device heal 3, rot
immunity
a: Minor Destruction, Lesser Servant of Makhleb, Renounce Religion


You were on level 7 of the Dungeon.
You worshipped Makhleb.
Makhleb was most pleased with you.
You were not hungry.

You visited 2 branches of the dungeon, and saw 8 of its levels.
You also visited: Sewer.

You collected 376 gold pieces.

Inventory:

Armour
 a - a +0 robe (worn)
 f - a +2 pair of gloves (worn)
 n - a cursed +0 helmet (worn)
Jewellery
 i - a ring of stealth (left hand)
 l - an amulet of regeneration (around neck)
 p - a ring of protection from magic (right hand)
Scrolls
 d - 2 scrolls of enchant weapon
 g - a scroll of recharging
 h - 4 scrolls of teleportation
 k - 3 scrolls of remove curse
 t - a scroll of identify
Potions
 c - a potion of curing
 e - a potion of resistance {unknown}
 j - a potion of agility
 m - 3 potions of mutation
 q - 3 potions of flight
 r - a potion of invisibility
 v - a potion of degeneration {unknown}
Comestibles
 b - 3 bread rations
 o - a beef jerky
 s - 3 chunks of flesh


   Skills:
 + Level 4.8 Fighting
 + Level 6.7 Dodging
 + Level 6.0 Stealth
 + Level 7.3 Unarmed Combat


You had 8 spell levels left.
You didn't know any spells.

Dungeon Overview and Level Annotations

Branches:
Dungeon (7/15)             Temple (1/1) D:5

Altars:
Ashenzari
Cheibriados
Dithmenos
Gozag
Kikubaaqudgha
Makhleb
Nemelex Xobeh
Okawaru
Pakellas
Qazlal
Ru
Sif Muna
Trog
Vehumet
Xom
Yredelemnul
Zin
The Shining One

Annotations:
D:7 Pikel


Innate Abilities, Weirdness & Mutations

You have razor-sharp teeth.
You heal very quickly.
When hurt, damage is shared between your health and your magic reserves.
Your bite disrupts and absorbs the magic of your enemies.
Potions and wands cannot restore your health.
You are immune to rotting.


Message History

You punch Pikel! You bite Pikel. You drain his power.
You feel invigorated.
Pikel is almost dead.
Pikel hits you with a whip of freezing. Pikel freezes you.
* * * LOW HITPOINT WARNING * * *
The slave misses you. The slave barely misses you. The slave misses you.
The slave hits you.
* * * LOW HITPOINT WARNING * * *
Pikel hits you with a whip of freezing!
* * * LOW HITPOINT WARNING * * *
Pikel freezes you.
* * * LOW HITPOINT WARNING * * *
You hit Pikel but do no damage. Your bite misses Pikel.
Pikel is almost dead.
Pikel closely misses you.
You closely miss Pikel. Your bite misses Pikel.
Pikel is almost dead.
Pikel hits you with a whip of freezing!
* * * LOW HITPOINT WARNING * * *
Pikel freezes you.
You die...

### ..# ##
#.# .# #.#
.# #.# .##
#.# .. #@#
.##
#K#####..###
#pp.ppp.>..#
######...#.#
<.........#
#######.#.#
#.....
###.### .


You could see Pikel and 2 slaves.

Vanquished Creatures
  The ghost of chromaticdragonking the Shield-Bearer, a novice MiFi (D:4)
  Eustachio (D:6)
  Menkaure (D:6)
  Purgy (Sewer)
  A phantom (D:4)
  2 ogres
  A centaur (D:5)
  A scorpion (D:4)
  A howler monkey (D:4)
  2 giant frog zombies
  4 orc priests
  A giant frog skeleton (D:6)
  2 orc wizards (D:5)
  An iguana (D:4)
  4 worker ants (D:4)
  A hound skeleton (D:4)
  Robin (D:4)
  5 adders
  4 gnolls
  8 river rats (D:6)
  A shadow imp (D:6)
  An ooze (D:2)
  An adder skeleton (D:4)
  2 worms
  A dart slug (D:2)
  A giant gecko (D:2)
  9 orcs
  5 bats
  7 giant cockroaches
  13 goblins
  11 hobgoblins
  7 jackals
  7 kobolds
  4 quokkas
  A ball python (D:3)
  2 giant newts
  21 rats
  A plant (D:3)
138 creatures vanquished.

Notes
Turn   | Place    | Note
--------------------------------------------------------------
     0 | D:1      | GlassEater the Vine Stalker Monk began the quest for the Orb.
     0 | D:1      | Reached XP level 1. HP: 11/11 MP: 2/2
   142 | D:1      | Reached XP level 2. HP: 16/16 MP: 3/3
   474 | D:1      | Reached XP level 3. HP: 19/19 MP: 4/4
   930 | D:2      | Reached XP level 4. HP: 22/23 MP: 5/5
  1972 | D:3      | Reached skill level 5 in Unarmed Combat
  2087 | D:3      | Reached XP level 5. HP: 8/28 MP: 1/6
  2339 | D:3      | Found a glowing drain.
  2349 | Sewer    | Entered a sewer
  2411 | Sewer    | Noticed Purgy
  2436 | Sewer    | Killed Purgy
  2436 | Sewer    | Gained mutation: You heal very quickly. [Vine Stalker growth]
  2436 | Sewer    | Reached XP level 6. HP: 16/32 MP: 5/7
  2863 | D:4      | Reached skill level 5 in Stealth
  2978 | D:4      | Noticed chromaticdragonking's ghost (novice MiFi)
  3014 | D:3      | Reached XP level 7. HP: 27/36 MP: 5/8
  3171 | D:4      | Noticed Robin
  3186 | D:4      | Killed Robin
  3575 | D:4      | Killed chromaticdragonking's ghost
  3575 | D:4      | Reached skill level 5 in Dodging
  3575 | D:4      | Reached skill level 6 in Unarmed Combat
  3575 | D:4      | Gained mutation: You have razor-sharp teeth. [Vine Stalker growth]
  3575 | D:4      | Reached XP level 8. HP: 23/42 MP: 9/9
  4153 | D:5      | Entered Level 5 of the Dungeon
  4350 | D:5      | Found a staircase to the Ecumenical Temple.
  4362 | Temple   | Entered the Ecumenical Temple
  4371 | Temple   | Became a worshipper of Makhleb the Destroyer
  4371 | Temple   | Reached * piety under Makhleb
  4371 | Temple   | Reached ** piety under Makhleb
  4880 | D:6      | Noticed Eustachio
  4906 | D:6      | Killed Eustachio
  4932 | D:6      | Reached skill level 7 in Unarmed Combat
  5030 | D:6      | Reached *** piety under Makhleb
  5225 | D:6      | Noticed Menkaure
  5233 | D:6      | Killed Menkaure
  5233 | D:6      | Reached XP level 9. HP: 40/46 MP: 10/10
  5414 | D:7      | Noticed Pikel
  5439 | D:7      | Slain by Pikel

Vault maps used:
D:1:      co_arrival_square_in_a_square_in_a_square
D:3:      lightli_sewer_entry_pipes, serial_bayou_pond_c
D:4:      first_bread, minivault_25, uniq_robin
D:5:      minmay_temple_entry_junction
D:6:      dk_rats_in_the_wall, uniq_edmund, uniq_menkaure, uniq_eustachio
D:7:      uniq_pikel
Temple:   grunt_circular_temple_18
Sewer:    sewer_the_crocodile

Skill      XL: |  1  2  3  4  5  6  7  8 |
---------------+-------------------------+-----
Stealth        | 4 5 6 |  6.0
Unarmed Combat | 5 6 7 |  7.3
Fighting       | 3 4 |  4.8
Dodging        | 3 4 5 6 |  6.7

Action                   |  1- 3 |  4- 6 |  7- 9 || total
-------------------------+-------+-------+-------++-------
Melee: Unarmed           |    82 |   215 |   343 ||   640
       Bite              |    18 |    74 |   127 ||   219
       Punch             |     1 |     3 |    14 ||    18
  Use: Scroll            |       |     6 |     8 ||    14
 Stab: Sleeping          |     7 |     8 |     4 ||    19
       Distracted        |       |     1 |       ||     1
  Eat: Chunk             |       |     7 |     8 ||    15
Armor: Robe              |    14 |    52 |    66 ||   132
Dodge: Dodged            |    44 |   128 |   235 ||   407
